 Dungeon Crawl Stone Soup version 0.17-a0-1951-g62301d3 (webtiles) character file.

108 glosham the Skirmisher (level 4, 0/40 HPs)
             Began as a Demigod Skald on Oct 2, 2015.
             Slain by Pikel
             ... wielding a +1 whip of flaming
              (1 damage)
             ... on level 4 of the Dungeon on Oct 3, 2015.
             The game lasted 00:32:44 (2064 turns).

glosham the Skirmisher (Demigod Skald)              Turns: 2064, Time: 00:32:44

Health: 0/40       AC:  4    Str: 17    XL:     4   Next: 33%
Magic:  4/9        EV: 16    Int: 16    God:
Gold:   146        SH:  0    Dex: 20    Spells: 3 memorised, 0 levels left

rFire  . . .     SeeInvis .     a - +2 long sword (vamp)
rCold  . . .     Clarity  .     e - +1 leather armour
rNeg   . . .     SustAt   +     (no shield)
rPois  .         Gourm    .     (no helmet)
rElec  .         Spirit   .     (no cloak)
rCorr  .         Warding  .     (no gloves)
rMut   .         Stasis   .     (no boots)
MR     .....                    (no amulet)
Stlth  +++.......               (no ring)
                                A - ring of flight

@: agile, infused, not resistant to hostile enchantments, fairly stealthy
A: high mp 1, sustain attributes
a: Evoke Flight


You were on level 4 of the Dungeon.
You were not hungry.

You visited 1 branch of the dungeon, and saw 4 of its levels.

You collected 146 gold pieces.

Inventory:

Hand weapons
 a - a +2 vampiric long sword (weapon)
 b - a +4 dagger
 c - a +1 dagger of holy wrath
 d - a +0 spear
Missiles
 f - 24 bolts
 m - 20 arrows
 s - 54 stones (quivered)
Armour
 e - a +1 leather armour (worn)
 i - a +0 scale mail
 l - a +0 ring mail
Jewellery
 A - a ring of flight (left hand)
 C - an uncursed ring of ice
Magical devices
 q - a wand of flame (34)
Scrolls
 g - a scroll of magic mapping {unknown}
 h - 5 scrolls of identify
 j - a scroll of remove curse
Potions
 n - a potion of cancellation
Books
 o - a book of Battle

   Spells                             Type                      Level
   a - Infusion                       Charms                       1
   b - Shroud of Golubria             Charms/Translocation         2
   c - Song of Slaying                Charms                       2
   d - Spectral Weapon                Hexes/Charms                 3
   e - Regeneration                   Charms/Necromancy            3
Comestibles
 k - a meat ration
 r - 5 bread rations
 t - 2 chunks of flesh


   Skills:
 - Level 4.2 Fighting
 * Level 1.0 Long Blades
 - Level 1.7 Polearms
 - Level 0.8 Armour
 - Level 0.8 Dodging
 - Level 1.7 Spellcasting
 - Level 2.6 Charms


You couldn't memorise any spells.
You knew the following spells:

 Your Spells              Type           Power        Failure   Level  Hunger
i - Infusion              Chrm           ##....       10%         1    ##.....
r - Regeneration          Chrm/Necr      #.........   50%         3    ####...
s - Shroud of Golubria    Chrm/Tloc      #.........   24%         2    ###....


Dungeon Overview and Level Annotations

Branches:
Dungeon (4/15)
 Temple: D:4-7

Portals:
Sewer: D:4

Annotations:
D:4 Pikel


Innate Abilities, Weirdness & Mutations

You have an increased reservoir of magic (+10% MP).
Your attributes are resistant to harm.


Message History

Your magical infusion is running out.
Pikel misses you.
You barely miss Pikel.
Pikel is moderately wounded.
Pikel hits you with a whip of flaming! Pikel burns you.
* * * LOW HITPOINT WARNING * * *
Your magical contamination has completely faded away.
You slash Pikel!
Pikel is heavily wounded.
Pikel closely misses you. Pikel hits you but does no damage.
You hit Pikel.
You feel better.
Pikel is severely wounded.
Pikel misses you.
You hit Pikel.
You feel better.
Pikel is almost dead.
You are no longer magically infusing your attacks.
Pikel hits you with a whip of flaming.
* * * LOW HITPOINT WARNING * * *
Pikel burns you.
* * * LOW HITPOINT WARNING * * *
You hit Pikel.
Pikel is almost dead.
Pikel hits you but does no damage.
Unknown command.
You closely miss Pikel.
Pikel is almost dead.
Pikel closely misses you. Pikel misses you.
You barely miss Pikel.
Pikel is almost dead.
Pikel hits you with a whip of flaming.
* * * LOW HITPOINT WARNING * * *
Pikel burns you.
* * * LOW HITPOINT WARNING * * *
Casting: Infusion
Confirm with . or Enter, or press ? or * to list all spells.
You begin infusing your attacks with magical energy.
Pikel hits you with a whip of flaming.
* * * LOW HITPOINT WARNING * * *
Pikel burns you.
You die...

...... .... #....#
.... ##.###+###....#
..... . >......+....%#
..... ..
......#.....#p.....
.........#.....#po....
≈r≈......##....Kpp....
≈≈≈≈.#...##...@#
≈≈≈≈......(....#
∩≈≈≈≈....##....#
#######....##'######
#.....#..............
#...<.#..............
##....##...##........
##....##...#######+##
#..........#


You could see Pikel, 4 slaves and an orc.

Vanquished Creatures
  Terence (D:2)
  3 adders (D:2)
  A river rat (D:4)
  2 oozes (D:2)
  An adder skeleton (D:4)
  An orc (D:4)
  3 hobgoblins
  A quokka (D:2)
  A ball python (D:2)
  2 bats
  2 giant cockroaches (D:2)
  2 giant geckos (D:1)
  A giant newt (D:1)
  7 goblins
  7 kobolds
  2 rats
37 creatures vanquished.

Notes
Turn   | Place    | Note
--------------------------------------------------------------
     0 | D:1      | glosham the Demigod Skald began the quest for the Orb.
     0 | D:1      | Reached XP level 1. HP: 17/17 MP: 5/5
    56 | D:1      | Reached skill level 2 in Fighting
   476 | D:2      | Reached XP level 2. HP: 18/25 MP: 7/7
   492 | D:2      | Learned a level 2 spell: Shroud of Golubria
   679 | D:2      | Reached skill level 3 in Fighting
   779 | D:2      | Reached XP level 3. HP: 14/31 MP: 0/8
  1157 | D:2      | Noticed Terence
  1521 | D:2      | Killed Terence
  1521 | D:2      | Reached skill level 4 in Fighting
  1521 | D:2      | Reached XP level 4. HP: 27/40 MP: 6/9
  1615 | D:2      | Learned a level 3 spell: Regeneration
  2031 | D:4      | Found a glowing drain.
  2037 | D:4      | Reached skill level 1 in Long Blades
  2044 | D:4      | Noticed Pikel
  2044 | D:4      | Noticed a slave
  2044 | D:4      | Noticed a slave
  2044 | D:4      | Noticed a slave
  2044 | D:4      | Noticed a slave
  2063 | D:4      | HP: 4/40 [Pikel/whip of flaming (1)]
  2064 | D:4      | HP: 1/40 [Pikel/whip of flaming (3)]
  2064 | D:4      | Slain by Pikel

Vault maps used:
D:1:      matt_arrival_los_fun, corexii_corridor_pit, kennysheep_another_room,
          patterned_corridor
D:2:      first_bread, uniq_terence
D:3:      hangedman_abyss_or_decor_stabs
D:4:      grunt_temple_overflow_lords_of_destruction,
          yredelemnul_forgotten_temple_becter, portal_sewer_entry_b, uniq_pikel

Action                   |  1- 3 |  4- 6 || total
-------------------------+-------+-------++-------
Melee: Dagger            |   108 |       ||   108
       Spear             |     6 |       ||     6
       Long sword        |       |    34 ||    34
 Cast: Shroud of Golubri |     7 |     1 ||     8
       Infusion          |     5 |     2 ||     7
  Use: Scroll            |     7 |     1 ||     8
       Potion            |       |     1 ||     1
 Stab: Sleeping          |     3 |     1 ||     4
  Eat: Chunk             |     3 |     1 ||     4
       Meat ration       |       |     1 ||     1

Table legend:
 A = Turns spent in this place as a percentage of turns spent in the entire game.
 B = Non-inter-level travel turns spent in this place as a percentage of non-inter-level travel turns spent in the entire game.
 C = Inter-level travel turns spent in this place as a percentage of turns spent in this place.
 D = Turns resting spent in this place as a percentage of non-inter-level travel turns spent in this place.
 E = Turns spent auto-exploring this place as a percentage of non-inter-level travel turns spent in this place.
 F = Non-inter-level travel turns spent in this place divided by the number of levels of this place that you've seen.
                   A       B       C       D       E      F
               +-------+-------+-------+-------+-------+----------------------
         Total | 100.0 | 100.0 |   0.4 |   0.3 |   0.2 | 338.2
       Dungeon | 100.0 | 100.0 |   0.4 |   0.3 |   0.2 | 338.2
               +-------+-------+-------+-------+-------+----------------------

Table legend:
 A = Kills in this place as a percentage of kills in entire the game.
 B = Kills by you in this place as a percentage of kills by you in the entire game.
 C = Kills by friends in this place as a percentage of kills by friends in the entire game.
 D = Other kills in this place as a percentage of other kills in the entire game.
 E = Experience gained in this place as a percentage of experience gained in the entire game.
 F = Experience gained in this place divided by the number of levels of this place that you have seen.
                   A       B       C       D       E      F
               +-------+-------+-------+-------+-------+----------------------
         Total | 100.0 | 100.0 |  -nan |  -nan | 100.0 |  38.8
       Dungeon | 100.0 | 100.0 |  -nan |  -nan | 100.0 |  38.8
               +-------+-------+-------+-------+-------+----------------------

Vault maps used:
D:1:      matt_arrival_los_fun, corexii_corridor_pit, kennysheep_another_room,
          patterned_corridor
D:2:      first_bread, uniq_terence
D:3:      hangedman_abyss_or_decor_stabs
D:4:      grunt_temple_overflow_lords_of_destruction,
          yredelemnul_forgotten_temple_becter, portal_sewer_entry_b, uniq_pikel
